Map: Lost and Found LE

Players

harstem

  • Race: Protoss Protoss
  • Spawn Location: 7:00

Tesla (Rob) - Winner!

  • Race: Protoss Protoss
  • Spawn Location: 1:00

Event: WCS Austin 2018

VOD

Have the link to the VOD?

Description

Time

  • Played on: June 1, 2018, 2:42 p.m.
  • Length: 15:41

All games in this series

Show
View Real Time Build Order
Export as new Build Order

harstem Protoss 

Build Orders: Phoenix Opening, Mass Phoenix 

Get SALT Encoding   

  12  0:00  Probe  
  13  0:08  Probe  
  14  0:17  Pylon, Probe  
  16  0:35  Probe  
  16  0:38  Forge  
  16  0:56  Pylon  
  16  1:05  Gateway  
  16  1:10  Pylon  
  16  1:13  Photon Cannon  
  16  1:15  Probe  
  17  1:27  Assimilator, Probe  
  18  1:35  Assimilator, Probe  
  18  1:39  Assimilator  
  19  1:43  Probe  
  19  1:52  Cybernetics Core  
  20  1:55  Probe  
  21  2:07  Probe  
  22  2:13  Pylon  
  22  2:20  Probe  
  23  2:32  Probe  
  23  2:34  Stargate  
  23  2:35  Adept  
  24  2:44  Probe  
  27  2:47  Pylon  
  29  3:13  Nexus  
  30  3:22  Pylon  
  30  3:25  Probe  
  31  3:32  Stalker  
  33  3:37  Probe  
  34  3:43  Phoenix  
  33  3:50  Stargate  
  33  3:54  Probe  
  34  4:03  Phoenix  
  36  4:10  Pylon  
  36  4:20  Probe  
  37  4:24  Pylon  
  37  4:26  Probe  
  37  4:29  Phoenix x2  
  38  4:32  Probe  
  43  4:39  Probe  
  43  4:44  Probe  
  45  4:51  Probe  
  46  4:54  Phoenix  
  46  4:57  Probe  
  49  5:04  Pylon  
  49  5:07  Phoenix, Probe  
  49  5:12  Probe  
  51  5:16  Assimilator  
  51  5:18  Assimilator  
  51  5:19  Probe  
  52  5:24  Probe  
  52  5:26  Shield Battery  
  52  5:27  Phoenix  
  55  5:33  Probe  
  56  5:36  Probe  
  56  5:37  Shield Battery  
  56  5:38  Phoenix  
  57  5:45  Probe  
  61  5:50  Pylon, Probe  
  61  5:54  Phoenix  
  63  6:00  Probe  
  63  6:02  Probe  
  63  6:03  Phoenix  
  68  6:19  Phoenix  
  68  6:20  Phoenix  
  68  6:23  Nexus  
  69  6:32  Pylon  
  71  6:33  Probe  
  72  6:43  Fleet Beacon  
  72  6:45  Probe  
  73  6:49  Phoenix  
  73  6:51  Probe  
  73  6:52  Phoenix  
  78  7:03  Probe  
  78  7:04  Probe  
  78  7:06  Pylon  
  80  7:14  Phoenix  
  80  7:15  Probe  
  83  7:16  Anion Pulse-Crystals  
  83  7:18  Assimilator  
  83  7:22  Pylon  
  83  7:23  Assimilator  
  83  7:24  Phoenix  
  83  7:28  Probe x2  
  87  7:36  Probe  
  88  7:37  Pylon  
  88  7:40  Pylon, Probe  
  89  7:44  Adept  
  89  7:46  Probe  
  89  7:48  Probe  
  93  7:52  Phoenix  
  95  7:59  Stargate, Probe  
  95  8:01  Phoenix  
  92  8:12  Phoenix  
  78  8:21  Phoenix  
  74  8:28  Phoenix  
  74  8:29  Shield Battery, Probe  
  74  8:30  Probe  
  74  8:32  Shield Battery, Photon Cannon  
  76  8:37  Probe  
  76  8:40  Phoenix  
  79  8:42  Phoenix  
  79  8:43  Stargate, Probe x2  
  76  8:49  Probe  
  76  8:52  Phoenix  
  76  8:55  Probe x2  
  78  9:01  Probe  
  71  9:08  Probe  
  69  9:10  Phoenix  
  69  9:13  Phoenix  
  69  9:15  Probe  
  69  9:16  Probe  
  75  9:20  Phoenix, Probe  
  75  9:23  Phoenix  
  78  9:27  Probe  
  78  9:30  Probe  
  82  9:32  Probe  
  83  9:39  Probe  
  83  9:40  Phoenix  
  83  9:43  Probe  
  83  9:44  Mothership  
  83  9:45  Probe  
  88  9:52  Probe  
  89  9:55  Probe  
  89  9:57  Probe  
  91  10:05  Phoenix  
  95  10:16  Phoenix  
  101  10:21  Nexus  
  101  10:23  Sentry  
  105  10:28  Phoenix  
  105  10:35  Phoenix, Protoss Air Weapons Level 1  
  107  10:38  Probe  
  107  10:40  Pylon  
  110  10:43  Phoenix  
  112  10:51  Pylon  
  112  10:53  Phoenix  
  112  10:54  Phoenix  
  111  11:11  Probe  
  109  11:18  Phoenix  
  95  11:19  Phoenix  
  95  11:25  Probe  
  82  11:33  Phoenix  
  82  11:34  Phoenix  
  82  11:39  Phoenix  
  82  11:42  Probe x2  
  82  11:43  Phoenix  
  82  11:44  Photon Cannon  
  82  11:45  Stargate  
  82  11:46  Probe  
  82  11:47  Probe  
  90  11:54  Probe x2  
  89  11:59  Phoenix, Probe x2  
  89  12:00  Phoenix, Shield Battery  
  94  12:02  Photon Cannon  
  94  12:05  Phoenix  
  96  12:11  Probe  
  96  12:13  Probe x2  
  101  12:17  Probe  
  101  12:20  Phoenix  
  104  12:24  Probe  
  104  12:28  Phoenix  
  107  12:31  Probe  
  108  12:37  Probe  
  108  12:38  Protoss Air Weapons Level 2  
  108  12:40  Probe  
  104  12:44  Probe  
  104  12:46  Probe  
  104  12:48  Probe  
  104  12:49  Probe  
  104  12:51  Carrier  
  104  12:54  Probe  
  104  12:57  Probe  
  106  13:02  Probe  
  106  13:03  Probe, Pylon  
  106  13:04  Probe  
  113  13:09  Probe  
  115  13:14  Probe  
  115  13:16  Probe  
  117  13:20  Carrier  
  117  13:26  Carrier  
  122  13:30  Carrier  
  122  13:31  Graviton Catapult  
  126  13:35  Probe  
  126  13:38  Probe x2  
  126  13:40  Photon Cannon  
  133  13:58  Photon Cannon  
  133  13:59  Sentry, Shield Battery  
  135  14:03  Probe  
  135  14:07  Pylon  
  136  14:13  Pylon  
  136  14:15  Carrier  
  142  14:17  Probe  
  142  14:21  Pylon  
  148  14:35  Probe  
  148  14:37  Assimilator  
  148  14:38  Pylon  
  149  14:41  Probe  
  149  14:42  Probe  
  138  15:00  Phoenix  
  138  15:02  Phoenix  
  132  15:20  Probe  
  127  15:32  Photon Cannon  
Show
View Real Time Build Order
Export as new Build Order

Tesla Protoss - Winner!

Build Orders: Phoenix Opening, Mass Phoenix 

Get SALT Encoding   

  12  0:00  Probe  
  13  0:12  Probe  
  14  0:17  Pylon  
  14  0:25  Probe  
  15  0:35  Probe, Forge  
  16  0:43  Probe  
  17  1:02  Pylon  
  17  1:15  Probe  
  17  1:19  Assimilator  
  17  1:22  Gateway  
  17  1:23  Probe  
  19  1:33  Probe  
  19  1:34  Gateway  
  20  1:45  Probe  
  21  1:50  Pylon  
  21  1:58  Probe  
  21  2:00  Zealot  
  22  2:09  Cybernetics Core  
  25  2:18  Pylon  
  24  2:36  Nexus  
  24  2:41  Probe  
  25  2:50  Stargate  
  25  2:53  Probe  
  26  3:01  Shield Battery  
  26  3:05  Probe  
  27  3:08  Assimilator  
  27  3:15  Warp Gate  
  27  3:20  Probe, Photon Cannon  
  27  3:25  Phoenix  
  30  3:40  Assimilator  
  30  3:44  Probe  
  31  3:48  Phoenix  
  31  3:49  Probe  
  34  4:01  Probe x2  
  36  4:06  Phoenix, Assimilator  
  36  4:13  Probe  
  39  4:20  Probe  
  39  4:22  Phoenix  
  40  4:25  Probe  
  43  4:32  Probe  
  43  4:37  Probe  
  45  4:40  Stargate  
  45  4:44  Phoenix  
  45  4:45  Probe  
  45  4:49  Probe  
  47  4:58  Probe  
  50  5:02  Phoenix  
  50  5:07  Probe  
  50  5:10  Probe  
  54  5:16  Pylon  
  54  5:22  Pylon  
  54  5:32  Probe  
  54  5:33  Phoenix, Probe  
  54  5:34  Phoenix  
  58  5:44  Pylon  
  58  5:45  Probe x2  
  60  5:50  Phoenix  
  60  5:59  Phoenix  
  60  6:01  Fleet Beacon  
  64  6:11  Pylon  
  64  6:12  Phoenix  
  66  6:24  Phoenix  
  68  6:26  Probe  
  68  6:29  Phoenix  
  69  6:35  Pylon  
  69  6:38  Anion Pulse-Crystals  
  71  6:49  Phoenix, Nexus  
  71  6:53  Phoenix, Nexus  
  75  7:12  Phoenix  
  75  7:14  Phoenix  
  75  7:15  Assimilator  
  77  7:19  Probe x2  
  77  7:20  Assimilator  
  81  7:31  Probe  
  81  7:33  Probe  
  83  7:39  Phoenix x2  
  83  7:43  Probe  
  88  7:49  Photon Cannon  
  88  7:51  Shield Battery  
  88  7:54  Probe  
  88  7:55  Probe  
  90  8:03  Phoenix  
  88  8:06  Phoenix  
  78  8:22  Phoenix  
  78  8:24  Phoenix  
  72  8:28  Probe  
  72  8:29  Probe x2  
  72  8:34  Stargate  
  79  8:41  Probe x2  
  81  8:43  Phoenix  
  83  8:49  Phoenix  
  83  8:53  Probe  
  86  9:06  Photon Cannon x2  
  86  9:08  Phoenix  
  84  9:11  Phoenix  
  84  9:14  Phoenix  
  86  9:23  Photon Cannon  
  88  9:25  Photon Cannon  
  88  9:30  Phoenix  
  88  9:33  Phoenix x2  
  88  9:36  Stargate  
  92  9:42  Zealot x2  
  98  9:50  Phoenix  
  98  9:54  Phoenix  
  98  9:58  Phoenix  
  104  10:01  Pylon  
  104  10:02  Stargate, Pylon  
  104  10:12  Phoenix  
  104  10:15  Phoenix x2  
  104  10:19  Pylon  
  108  10:23  Phoenix  
  112  10:30  Nexus  
  112  10:33  Phoenix  
  112  10:39  Phoenix x2  
  118  10:48  Phoenix  
  118  10:49  Probe x2  
  122  10:50  Phoenix  
  124  10:58  Phoenix  
  124  11:03  Phoenix  
  126  11:06  Phoenix  
  122  11:16  Phoenix x2  
  120  11:23  Phoenix  
  120  11:36  Phoenix x2  
  124  11:44  Robotics Facility  
  124  11:49  Phoenix  
  126  11:56  Probe x4  
  126  11:59  Assimilator  
  126  12:01  Phoenix x2  
  134  12:03  Assimilator  
  130  12:11  Phoenix, Probe x4  
  136  12:19  Probe x4  
  136  12:21  Phoenix x2  
  140  12:27  Probe  
  140  12:28  Probe x3  
  144  12:30  Photon Cannon  
  144  12:32  Photon Cannon  
  148  12:47  Phoenix  
  148  12:55  Protoss Air Weapons Level 1  
  148  13:00  Pylon x2  
  148  13:02  Pylon x2  
  148  13:03  Pylon x2  
  148  13:10  Mothership  
  148  13:13  Oracle  
  148  13:16  Phoenix x2  
  148  13:17  Phoenix x2  
  148  13:18  Observer  
  166  13:33  Phoenix x3  
  164  13:34  Phoenix  
  160  13:45  Phoenix  
  168  13:49  Pylon  
  170  13:56  Nexus  
  170  13:57  Phoenix  
  170  13:58  Phoenix  
  170  13:59  Phoenix  
  170  14:02  Phoenix  
  178  14:05  Phoenix  
  178  14:17  Phoenix  
  180  14:20  Phoenix  
  180  14:21  Phoenix  
  186  14:35  Phoenix  
  186  14:37  Phoenix  
  188  14:41  Phoenix  
  188  14:42  Phoenix  
  175  15:00  Phoenix  
  175  15:01  Phoenix  
  175  15:03  Phoenix  
  175  15:06  Phoenix  
  175  15:07  Phoenix  
  153  15:23  Pylon  
  157  15:33  Assimilator  
  159  15:36  Assimilator  
Tags
 
Add a new tag
Caveats
  • Supply blocks, unpowered buildings, or Contaminate may cause inaccurate times.
  • Supply counts are checked every 10 seconds.